 Dungeon Crawl Stone Soup version 0.30-b1-2-g02819fbbbe (webtiles) character file.

Game seed: 7132603524946828178

2525 ThomasProcell the Fighter (level 9, -1/94 HPs)
             Began as a Minotaur Fighter on June 4, 2023.
             Was a Priest of Yredelemnul.
             Slain by a gnoll sergeant
             ... wielding a +2 spear of flaming
              (6 damage)
             ... on level 7 of the Dungeon.
             The game lasted 00:16:00 (5858 turns).

ThomasProcell the Fighter (Minotaur Fighter)        Turns: 5858, Time: 00:16:00

Health: -1/94      AC: 11    Str: 21    XL:     9   Next: 29%
Magic:  10/10      EV:  7    Int:  5    God:    Yredelemnul [***...]
Gold:   196        SH:  0    Dex: 14    Spells: 8/8 levels left

rFire   . . .        K - +4 war axe
rCold   . . .        c - +0 buckler
rNeg    . . .        s - +0 chain mail
rPois   .            (helmet restricted)
rElec   .            C - +0 cloak
rCorr   .            (no gloves)
SInv    +            m - +0 pair of boots
Will    .....        (no amulet) Stlth
                     z - ring of see invisible
HPRegen 0.35/turn    (no ring)
MPRegen 0.12/turn

%: no passive effects
@: confused
A: horns 2, retaliatory headbutt
a: Renounce Religion, Recall Undead Harvest, Dark Bargain


You were on level 7 of the Dungeon.
You worshipped Yredelemnul.
Yredelemnul was noncommittal.
You visited 2 branches of the dungeon, and saw 8 of its levels.

You collected 361 gold pieces.
You spent 165 gold pieces at shops.

Inventory:

Hand Weapons
 B - a +4 quarterstaff of chaos
 I - a +3 long sword
 J - a +3 scimitar
 K - a +4 war axe (weapon)
 L - a +5 short sword of freezing
Armour
 b - a +0 scale mail
 c - a +0 buckler (worn)
 m - a +0 pair of boots (worn)
 s - a +0 chain mail (worn)
 C - a +0 cloak (worn)
 H - a scarf of shadows
Jewellery
 z - a ring of see invisible (left hand)
Wands
 G - a wand of iceblast (8)
Scrolls
 e - 3 scrolls of amnesia {unknown}
 f - 2 scrolls of acquirement {unknown}
 h - a scroll of fear {unknown}
 j - a scroll of torment {unknown}
 k - 6 scrolls of teleportation {unknown}
 l - 4 scrolls of immolation {unknown}
 r - a scroll of silence {unknown}
 t - a scroll of enchant armour {unknown}
 u - a scroll of vulnerability {unknown}
 v - a scroll of noise {unknown}
 y - 6 scrolls of identify {unknown}
 D - a scroll of butterflies {unknown}
 F - a scroll of blinking {unknown}
Potions
 a - a potion of haste {unknown}
 d - 3 potions of might
 g - 3 potions of curing {unknown}
 i - 3 potions of heal wounds {unknown}
 n - 2 potions of mutation {unknown}
 o - a potion of invisibility {unknown}
 p - a potion of magic {unknown}
 q - 2 potions of cancellation {unknown}
 w - 2 potions of resistance {unknown}
 x - 2 potions of degeneration {unknown}
 A - a potion of lignification {unknown}
 E - 2 potions of berserk rage {unknown}


   Skills:
 * Level 13.9 Fighting
 * Level 5.4 Axes
 - Level 3.6 Armour
 - Level 3.6 Shields
 * Level 3.0 Invocations


You had 8 spell levels left.
You didn't know any spells.
Your spell library contained the following spells:

 Spells                   Type           Power      Damage    Failure   Level
 Apportation              Tloc           0%         N/A       99%         1
 Necrotise                Necr           0%         1d4       99%         1
 Summon Small Mammal      Summ           0%         N/A       99%         1
 Sublimation of Blood     Necr           0%         N/A       100%        2
 Wereblood                Tmut           0%         N/A       100%        2
 Gell's Gravitas          Tloc           0%         N/A       100%        3
 Teleport Other           Tloc           0%         N/A       100%        3
 Petrify                  Tmut/Erth      0%         N/A       100%        4
 Irradiate                Conj/Tmut      0%         3d11      100%        5
 Dispersal                Tloc           0%         N/A       100%        6
 Summon Hydra             Summ           0%         N/A       100%        7
 Borgnjor's Revivificati  Necr           0%         N/A       100%        8
 Necromutation            Tmut/Necr      0%         N/A       100%        8
 Death's Door             Necr           0%         N/A       100%        9


Dungeon Overview and Level Annotations

Branches:
Dungeon (7/15)             Temple (1/1) D:7

Altars:
Ashenzari
Cheibriados
Dithmenos
Elyvilon
Fedhas
Gozag
Hepliaklqana
Kikubaaqudgha
Makhleb
Okawaru
Qazlal
Ru
Sif Muna
Trog
Uskayaw
Vehumet
Wu Jian
Xom
Yredelemnul
Zin

Shops:
D:4 =   D:6 *


Innate Abilities, Weirdness & Mutations

You have a pair of horns on your head.
You reflexively headbutt those who attack you in melee.


Message History

Your kobold brigand zombie hits the gnoll sergeant but does no damage.
Your gnoll zombie hits the gnoll sergeant.
Are you sure you want to stumble around while confused and next to your gnoll zombie? [Y]es or [N]o only, please.
Are you sure you want to stumble around while confused and next to your gnoll zombie? [Y]es or [N]o only, please.
Are you sure you want to stumble around while confused and next to your gnoll zombie? [Y]es or [N]o only, please.
Are you sure you want to stumble around while confused and next to your gnoll zombie? [Y]es or [N]o only, please.
Are you sure you want to stumble around while confused and next to your gnoll zombie?
Okay, then.
The orc wizard hits you but does no damage.
The gnoll sergeant hits you from afar with a +2 spear of flaming.
* * * LOW HITPOINT WARNING * * *
The gnoll sergeant burns you.
* * * LOW HITPOINT WARNING * * *
Your orc priest zombie hits the gnoll sergeant but does no damage.
Your gnoll zombie hits the gnoll sergeant but does no damage.
Your kobold brigand zombie hits the gnoll sergeant but does no damage.
Your gnoll zombie hits the gnoll sergeant but does no damage.
Are you sure you want to stumble around while confused and next to your gnoll zombie?
Okay, then.
Are you sure you want to stumble around while confused and next to your gnoll zombie?
Okay, then.
The orc wizard hits you but does no damage.
The gnoll sergeant throws a stone.
The stone hits you.
* * * LOW HITPOINT WARNING * * *
Your orc priest zombie hits the gnoll sergeant but does no damage.
Your gnoll zombie barely misses the gnoll sergeant.
Your kobold brigand zombie barely misses the gnoll sergeant.
Are you sure you want to stumble around while confused and next to your gnoll zombie? [Y]es or [N]o only, please.
Are you sure you want to stumble around while confused and next to your gnoll zombie?
You bump into the stone wall.
Your gnoll zombie misses the gnoll sergeant.
The orc wizard hits you but does no damage.
The gnoll sergeant hits you from afar with a +2 spear of flaming.
You die...
Your body rises from the dead as a mindless zombie.

### ..# ..# ### #'# .'.
#.# ..# #.# ...# #o###'##
#@.ZZ..# #ZZgZ..#
#Z################
#Z#...).......#...
#.Z...))...)).'.). ..P≈
###'#...........#... ...~
#...#############'''
...≈≈#...#...............
...~≈#####~≈~~~~~~≈~~~.))


You could see a gnoll sergeant (ally target), an orc wizard (invisible), 2
friendly gnoll zombies, a friendly kobold brigand zombie, a friendly orc warrior
zombie, 2 friendly orc priest zombies and 2 friendly orc wizard zombies.

Vanquished Creatures
  Menkaure (D:4)
  3 orc warriors (D:7)
  An ice beast (D:6)
  2 phantoms
  A kobold brigand (D:7)
  9 wights
  2 howler monkeys (D:7)
  A jelly (D:4)
  8 orc priests
  Crazy Yiuf (D:4)
  7 hounds
  A gnoll bouda (D:6)
  3 iguanas
  Natasha (thrice) (D:2)
  7 orc wizards
  Robin (D:2)
  9 gnolls
  5 adders
  2 shadow imps
  2 white imps (D:5)
  3 worms
  4 dart slugs
  21 orcs
  6 bats
  3 endoplasms
  2 giant cockroaches (D:2)
  15 hobgoblins
  3 kobolds
  5 quokkas
  5 ball pythons
  8 frilled lizards
  17 goblins
  3 rats
164 creatures vanquished.

Vanquished Creatures (collateral kills)
  An ogre (D:7)
  A gnoll bouda (D:7)
  A howler monkey zombie (D:7)
  An orc (D:7)
4 creatures vanquished.

Vanquished Creatures (others)
  A hound zombie (D:7)
  2 gnoll zombies (D:7)
  An orc zombie (D:7)
4 creatures vanquished.

Grand Total: 172 creatures vanquished

Notes
Turn   | Place    | Note
-------+----------+-------------------------------------------
     0 | D:1      | ThomasProcell the Minotaur Fighter began the quest for the
                  | Orb.
     0 | D:1      | Reached XP level 1. HP: 19/19 MP: 0/0
    96 | D:1      | Reached skill level 4 in Fighting
   178 | D:1      | Reached XP level 2. HP: 28/28 MP: 1/1
   677 | D:1      | Reached skill level 5 in Fighting
   901 | D:2      | Noticed Robin
   905 | D:2      | Reached XP level 3. HP: 28/36 MP: 2/2
   905 | D:2      | Killed Robin
  1094 | D:2      | Noticed Natasha
  1097 | D:2      | Killed Natasha
  1098 | D:2      | Reached skill level 6 in Fighting
  1098 | D:2      | Reached XP level 4. HP: 34/44 MP: 3/3
  1664 | D:2      | Noticed Natasha
  1669 | D:2      | Killed Natasha
  1816 | D:2      | Noticed Natasha
  1821 | D:2      | Killed Natasha
  1822 | D:2      | Reached skill level 7 in Fighting
  1822 | D:2      | Reached XP level 5. HP: 52/52 MP: 4/4
  2448 | D:4      | Noticed a phantom
  2463 | D:4      | Killed a phantom
  2464 | D:4      | Reached skill level 8 in Fighting
  2464 | D:4      | Reached XP level 6. HP: 51/62 MP: 5/5
  2574 | D:4      | Noticed Menkaure
  2598 | D:4      | Killed Menkaure
  2599 | D:4      | Reached skill level 9 in Fighting
  2615 | D:4      | Reached XP level 7. HP: 22/71 MP: 6/6
  2948 | D:4      | Found a runed translucent door.
  2949 | D:4      | Noticed Crazy Yiuf
  3163 | D:4      | Found Fuuqorue's Jewellery Boutique.
  3165 | D:4      | Reached skill level 10 in Fighting
  3171 | D:4      | Bought a ring of see invisible for 165 gold pieces
  3278 | D:4      | Killed Crazy Yiuf
  3327 | D:5      | Entered Level 5 of the Dungeon
  3959 | D:5      | Found a shadowy altar of Dithmenos.
  4235 | D:6      | Found a glowing silver altar of Zin.
  4298 | D:6      | Reached skill level 11 in Fighting
  4425 | D:6      | Reached XP level 8. HP: 42/83 MP: 7/7
  4612 | D:6      | Reached skill level 12 in Fighting
  4725 | D:6      | Found Mulust's CLEARANCE SALE!.
  5170 | D:7      | Reached skill level 13 in Fighting
  5367 | D:7      | Found a staircase to the Ecumenical Temple.
  5400 | Temple   | Entered the Ecumenical Temple
  5583 | Temple   | Became a worshipper of Yredelemnul the Dark
  5631 | D:7      | Reached skill level 1 in Invocations
  5723 | D:7      | Reached * piety under Yredelemnul
  5731 | D:7      | Reached XP level 9. HP: 80/93 MP: 9/9
  5734 | D:7      | Reached ** piety under Yredelemnul
  5809 | D:7      | Reached skill level 5 in Axes
  5850 | D:7      | Reached *** piety under Yredelemnul
  5858 | D:7      | Slain by a gnoll sergeant

Illustrated notes

Levels and vault maps discovered:
D:1:      amcnicky_arrival_underground_garden, layout_basic, minivault_11,
          kennysheep_pointless_box
D:2:      layout_loops_cross, uniq_robin, uniq_natasha
D:3:      layout_rooms
D:4:      cheibrodos_pilgrimage, layout_basic, serial_shops, shop,
          uniq_crazy_yiuf_cottage, uniq_menkaure
D:5:      layout_loops_ring, grunt_dithmenos_shadows
D:6:      layout_rooms, amcnicky_altar_gilded, nicolae_shop_clearance
D:7:      lemuel_castle_with_subvaults [lemuel_castle_interior_carwin_1],
          layout_loops_ring, minmay_temple_entry_crystal_x,
          gammafunk_ghost_cemetery, st_stairs_13, dk_vineyard_2,
          nicolae_zen_rock_garden
Temple:   regret_index_temple_mists

Skill      XL: |  1  2  3  4  5  6  7  8  9 |
---------------+----------------------------+-----
Fighting       | 4 5 6 7 8 9 11 13 | 13.9
Axes           | 4 5 |  5.4
Invocations    | 1 3 |  3.0
Armour         | |  3.6
Shields        | |  3.6

Action                     |  1- 3 |  4- 6 |  7- 9 || total
---------------------------+-------+-------+-------++-------
  Melee: War axe           |    60 |   116 |   211 ||   387
         Headbutt          |     7 |    16 |    44 ||    67
   Stab: Distracted        |       |       |     2 ||     2
 Armour: Scale mail        |    37 |    11 |       ||    48
         Chain mail        |       |    36 |   111 ||   147
  Dodge: Dodged            |    33 |    40 |    81 ||   154
  Block: Buckler           |    20 |    15 |    55 ||    90
